 Dungeon Crawl Stone Soup version 0.25-a0-869-g05d4e06a41 (webtiles) character file.

Game seed: 7836909334724766928, levelgen mode: deterministic

184 Maedhros the Insei (level 5, 0/33 HPs)
             Began as an Octopode Artificer on May 1, 2020.
             Slain by a bullfrog (5 damage)
             ... on level 6 of the Dungeon.
             The game lasted 00:03:17 (461 turns).

Maedhros the Insei (Octopode Artificer)              Turns: 461, Time: 00:03:17

Health: 0/33       AC:  1    Str: 12    XL:     5   Next: 63%
Magic:  7/7        EV: 13    Int: 13    God:
Gold:   77         SH:  0    Dex: 13    Spells: 4/4 levels left

rFire    . . .     SeeInvis .   a - +0 short sword
rCold    . . .     Gourm    .   (no shield)
rNeg     . . .     Faith    .   (helmet restricted)
rPois    .         Spirit   .   (no amulet)
rElec    .         Reflect  .   h - ring of wizardry
rCorr    .         Harm     .   (no ring)
MR       .....                  (no ring)
Stlth    +++.......             (no ring)
HPRegen  0.11/turn              (no ring)
MPRegen  0.10/turn              (no ring)
                                (no ring)
                                (no ring)

@: no status effects
A: almost no armour, stealthy swim, amphibious, 8 rings, constrict 8, camouflage
1, gelatinous body 1
a: no special abilities


You were on level 6 of the Dungeon.
You were not hungry.

You visited 1 branch of the dungeon, and saw 5 of its levels.

You collected 77 gold pieces.

Inventory:

Hand Weapons
 a - a +0 short sword (weapon)
Jewellery
 h - a ring of wizardry (left tentacle)
Wands
 b - a wand of flame (5)
 c - a wand of enslavement (12)
 d - a wand of random effects (9)
Scrolls
 g - a scroll of identify {unknown}
Potions
 e - a potion of degeneration {unknown}
 j - a potion of curing {unknown}
Comestibles
 f - 2 rations
 i - 2 chunks of flesh


   Skills:
 - Level 1.0 Fighting
 - Level 1.0 Short Blades
 - Level 2.0 Dodging
 - Level 4.0 Stealth
 + Level 4.4 Unarmed Combat
 - Level 3.2 Evocations


You had 4 spell levels left.
You didn't know any spells.
Your spell library was empty.

Dungeon Overview and Level Annotations

Branches:
Dungeon (6/15)
 Temple: D:4-7

Altars:
Ru


Innate Abilities, Weirdness & Mutations

You cannot wear most types of armour.
You are very stealthy in the water. (Stealth+)
You are amphibious.
You can wear up to eight rings at the same time.
You can use your tentacles to constrict eight enemies at once.
Your skin changes colour to match your surroundings (Stealth+).
Your rubbery body absorbs attacks. (AC +1, EV +1)


Message History

Aiming: Throw Flame
Press: ? - help, Shift-Dir - straight line, f/p - bullfrog
Aim: a bullfrog (heavily wounded)
The puff of flame misses the bullfrog.
Evoke which item? (* to show all) (? for menu, Esc to quit)
Aiming: Throw Flame
Press: ? - help, Shift-Dir - straight line, f/p - bullfrog
Aim: a bullfrog (heavily wounded)
The puff of flame misses the bullfrog.
The bullfrog closely misses you.
You completely miss the bullfrog. Your grab misses the bullfrog.
The bullfrog is heavily wounded.
The bullfrog barely misses you. The bullfrog hits you.
* * * LOW HITPOINT WARNING * * *
Evoke which item? (* to show all) (? for menu, Esc to quit)
Aiming: Enslavement
Press: ? - help, Shift-Dir - straight line, f/p - bullfrog
Aim: a bullfrog (heavily wounded, chance to defeat MR: 55%)
The bullfrog resists with significant effort.
The bullfrog hits you.
You die...

#########
#.......#
##########.......#
#<...............#
##########...†...#
#.@.....#
#.F.....#
#....?..#
##........
#........
#.........
#........
#........


You could see a bullfrog.

Vanquished Creatures
  Blork the orc (D:5)
  A crimson imp (D:6)
  A bullfrog zombie (D:5)
  An adder (D:6)
  An ooze (D:5)
  A dart slug (D:2)
  4 leopard geckos
  2 goblins
  2 hobgoblins (D:2)
  2 quokkas (D:5)
  A ball python (D:6)
  A rat (D:2)
18 creatures vanquished.

Vanquished Creatures (collateral kills)
  A bullfrog skeleton (D:6)
  A quokka zombie (D:6)
2 creatures vanquished.

Vanquished Creatures (others)
  A worker ant (D:6)
1 creature vanquished.

Grand Total: 21 creatures vanquished

Notes
Turn   | Place    | Note
-------+----------+-------------------------------------------
     0 | D:1      | Maedhros the Octopode Artificer began the quest for the
                  | Orb.
     0 | D:1      | Reached XP level 1. HP: 13/13 MP: 3/3
    85 | D:2      | Found a sacrificial altar of Ru.
    93 | D:2      | Reached XP level 2. HP: 9/18 MP: 4/4
   245 | D:3      | You fall into a shaft and drop 3 floors!
   250 | D:6      | Noticed a crimson imp
   255 | D:6      | Reached XP level 3. HP: 6/23 MP: 5/5
   272 | D:5      | Entered Level 5 of the Dungeon
   273 | D:5      | Reached skill level 1 in Unarmed Combat
   280 | D:5      | Noticed a slave
   298 | D:5      | Noticed Blork the orc
   304 | D:5      | Noticed an ogre
   305 | D:5      | Killed Blork the orc
   305 | D:5      | Reached XP level 4. HP: 11/28 MP: 6/6
   315 | D:5      | Reached XP level 5. HP: 3/33 MP: 7/7
   461 | D:6      | Slain by a bullfrog

Levels and vault maps discovered:
D:1:      nicolae_arrival_somewhat_less_tricky_arrival, layout_loops_ring,
          roderic_serpentine_path, minmay_tromino_i2
D:2:      layout_basic, first_ration, nicolae_ru_sacrificial_ziggurat
D:3:      layout_basic, lemuel_doored_altar
D:5:      layout_loops_cross, minmay_misc_feat_tower, uniq_blork_the_orc,
          uniq_pikel
D:6:      layout_basic

Skill      XL: |  1  2  3  4  5 |
---------------+----------------+-----
Stealth        | 3 4 |  4.0
Unarmed Combat | 3 4 |  4.4
Fighting       | |  1.0
Short Blades   | |  1.0
Dodging        | |  2.0
Evocations     | |  3.2

Action                   |  1- 3 |  4- 6 || total
-------------------------+-------+-------++-------
Melee: Short sword       |    26 |    13 ||    39
       Constrict         |     6 |     3 ||     9
       Tentacles         |     2 |     2 ||     4
Evoke: Wand              |     6 |    13 ||    19
 Stab: Sleeping          |     3 |       ||     3
Dodge: Dodged            |    16 |     7 ||    23

Table legend:
 A = Non-vault XP
 B = Vault XP
 C = Vault XP percentage of total XP
 D = Non-vault monster count
 E = Vault monster count
 F = Vault count percentage of total count
                 A         B        C        D         E       F
            +---------+---------+-------+---------+---------+-------
      Total |     164 |      99 |  37.6 |      19 |       1 |   5.0
            +---------+---------+-------+---------+---------+-------
        D:1 |       8 |       0 |   0.0 |       3 |       0 |   0.0
        D:2 |      14 |       0 |   0.0 |       6 |       0 |   0.0
        D:3 |       3 |       0 |   0.0 |       1 |       0 |   0.0
        D:5 |      56 |      99 |  63.9 |       4 |       1 |  20.0
        D:6 |      83 |       0 |   0.0 |       5 |       0 |   0.0
            +---------+---------+-------+---------+---------+-------
